 Dungeon Crawl Stone Soup version 0.29-a0-892-g2c4c91d9db (webtiles) character file.

Game seed: 6786664317855062928

1201 kevlar127 the Ruffian (level 8, 0/78 (80) HPs)
             Began as a Troll Berserker on July 22, 2022.
             Was an Elder of Trog.
             Slain by an orc wizard
             ... wielding a +0 dagger
              (1 damage)
             ... on level 7 of the Dungeon.
             The game lasted 00:08:32 (4600 turns).

kevlar127 the Ruffian (Troll Berserker)             Turns: 4600, Time: 00:08:33

HP:   0/78 (80)     AC:  4    Str: 28    XL:     8   Next: 21%
MP:   7/7           EV:  8    Int:  3    God:    Trog [****..]
Gold: 281           SH:  7    Dex:  9    Spells: 7/7 levels left

rFire   + . .      SeeInvis .     - Unarmed
rCold   . . .      Faith    .   A - +0 kite shield
rNeg    . . .      Spirit   .   a - +0 animal skin
rPois   .          Reflect  .   (helmet restricted)
rElec   .          Harm     .   (no cloak)
rCorr   .          Rampage  .   (gloves unavailable)
Will    .....                   (boots unavailable)
Stlth   +.........              (no amulet)
HPRegen 1.03/turn               l - ring of protection from fire
MPRegen 0.10/turn               (no ring)

@: lightly drained
A: large, unfitting armour, claws 3, regeneration 1, shaggy fur 1, tough skin 1
a: Renounce Religion, Berserk, Trog's Hand, Brothers in Arms


You were on level 7 of the Dungeon.
You worshipped Trog.
Trog was greatly pleased with you.
You visited 1 branch of the dungeon, and saw 7 of its levels.

You collected 333 gold pieces.
You spent 52 gold pieces at shops.

Inventory:

Missiles
 e - 10 curare-tipped darts (quivered)
 f - 56 stones
 k - 6 javelins
 C - 9 poisoned darts
Armour
 a - a +0 animal skin (worn)
 A - a +0 kite shield (worn)
Jewellery
 l - a ring of protection from fire (left claw)
 D - a ring of magical power
Wands
 B - a wand of mindburst (16)
Scrolls
 b - 3 scrolls of magic mapping {unknown}
 c - a scroll of fear {unknown}
 h - 3 scrolls of butterflies {unknown}
 p - 2 scrolls of enchant weapon {unknown}
 q - 5 scrolls of identify
 r - 2 scrolls of teleportation {unknown}
 s - a scroll of immolation {unknown}
 t - a scroll of blinking {unknown}
 v - 2 scrolls of noise {unknown}
 y - 3 scrolls of poison {unknown}
 E - 2 scrolls of silence {unknown}
Potions
 d - 2 potions of brilliance {unknown}
 g - a potion of heal wounds {unknown}
 i - a potion of invisibility {unknown}
 j - 3 potions of attraction {unknown}
 m - a potion of degeneration {unknown}
 n - a potion of might {unknown}
 o - a potion of haste {unknown}
 u - a potion of berserk rage {unknown}
 w - 2 potions of curing {unknown}
 x - a potion of ambrosia {unknown}
 z - a potion of magic {unknown}
 F - a potion of resistance {unknown}


   Skills:
 + Level 5.1 Fighting
 + Level 3.8 Throwing
 - Level 3.0 Dodging
 + Level 2.9 Shields
 + Level 6.2 Unarmed Combat


You had 7 spell levels left.
You didn't know any spells.
Your spell library was empty.

Dungeon Overview and Level Annotations

Branches:
Dungeon (7/15)             Temple (0/1) D:6

Altars:
Ashenzari
Fedhas
Uskayaw
Zin

Shops:
D:3 *=

Annotations:
D:7 3 runed translucent doors


Innate Abilities, Weirdness & Mutations

You are too large for most types of armour.
You have claws for hands.
Your natural rate of healing is unusually fast.
You are covered in fur. (AC +1)
You have tough skin. (AC +1)


Message History

You bump into the rock wall.
You feel less confused. The orc hits you with a +0 short sword.
The orc hits you but does no damage. Something hits you but does no damage.
You claw the orc!
You kill the orc!
Trog accepts your kill.
The centaur shoots an arrow.
The arrow hits you! The orc hits you with a +0 short sword.
Something hits you but does no damage.
You closely miss the wight. You block the orc's attack.
The wight barely misses you. The wight hits you with a +0 mace.
Something hits you.
You claw the wight!
The wight is severely damaged.
The orc hits you with a +0 short sword. You block the wight's attack.
The wight closely misses you. Something hits you.
You mangle the wight!!
You destroy the wight!
Trog accepts your kill. The orc hits you with a +0 short sword.
An orc comes into view. It is wielding a +0 club.
The wight barely misses you. Something hits you.
Unknown command.
You closely miss the wight.
The orc shouts!
You block the orc's attack.
The wight hits you with a +4 great sword!
* * * LOW HITPOINT WARNING * * *
You feel drained.
* * * LOW HITPOINT WARNING * * *
The wight hits you with a +0 great sword!
* * * LOW HITPOINT WARNING * * *
Something hits you.
* * * LOW HITPOINT WARNING * * *
You claw the wight!
The wight is heavily damaged.
The orc hits you with a +0 short sword.
* * * LOW HITPOINT WARNING * * *
The wight barely misses you. You block the wight's attack. Something hits you.
You die...

.........#
.....^..$
.........
.........
........#
.......c#
......oz#
......{@#
......z<#
........#
.........
........##
###.##o##
... .. ...
.. .# +++


You could see a centaur, 2 wights and 2 orcs.

Vanquished Creatures
  An ice beast (D:6)
  An ogre (D:6)
  A kobold brigand (D:6)
  2 necrophages
  2 scorpions
  A wight (D:7)
  A howler monkey (D:7)
  4 hounds
  2 orc priests
  3 iguanas
  5 jellies
  11 adders
  2 white imps
  An ufetubus (D:6)
  3 worms
  3 dart slugs
  12 orcs
  4 ball pythons
  6 endoplasms
  5 giant cockroaches
  6 goblins
  6 hobgoblins
  11 jackals
  13 kobolds
  4 quokkas
  5 bats
  3 frilled lizards
  2 rats
120 creatures vanquished.

Vanquished Creatures (others)
  An orc (D:4)
  9 plants (D:4)
10 creatures vanquished.

Grand Total: 130 creatures vanquished

Notes
Turn   | Place    | Note
-------+----------+-------------------------------------------
     0 | D:1      | kevlar127 the Troll Berserker began the quest for the Orb.
     0 | D:1      | Reached XP level 1. HP: 22/22 MP: 0/0
    45 | D:1      | Found a faded altar of an unknown god.
   285 | D:1      | Reached XP level 2. HP: 29/29 MP: 1/1
   666 | D:2      | Reached XP level 3. HP: 24/36 MP: 2/2
   833 | D:2      | Reached XP level 4. HP: 39/45 MP: 3/3
   974 | D:2      | Reached skill level 4 in Unarmed Combat
  1170 | D:2      | Reached ** piety under Trog
  1479 | D:3      | Found a blossoming altar of Fedhas.
  1517 | D:3      | Noticed a necrophage
  1522 | D:3      | Killed a necrophage
  1523 | D:3      | Reached skill level 1 in Throwing
  1523 | D:3      | Reached XP level 5. HP: 49/53 MP: 4/4
  1750 | D:3      | Found Dauvie's One-of-a-Kind Rings.
  1798 | D:3      | Found Ecsyjueg's General Store.
  1809 | D:3      | Bought a scroll of identify for 26 gold pieces
  1809 | D:3      | Bought a scroll of identify for 26 gold pieces
  2225 | D:4      | Reached XP level 6. HP: 58/62 MP: 5/5
  2301 | D:4      | Reached *** piety under Trog
  2614 | D:4      | Reached skill level 5 in Unarmed Combat
  2636 | D:4      | Found a hide-covered altar of Uskayaw.
  2639 | D:4      | Noticed a +0 dagger
  2640 | D:4      | Noticed a +0 dagger
  2940 | D:5      | Entered Level 5 of the Dungeon
  3148 | D:5      | Found a glowing silver altar of Zin.
  3421 | D:5      | Reached skill level 1 in Shields
  3421 | D:5      | Reached XP level 7. HP: 66/70 MP: 6/6
  3788 | D:6      | Found a broken altar of Ashenzari.
  3790 | D:6      | Reached **** piety under Trog
  4059 | D:6      | Found a staircase to the Ecumenical Temple.
  4096 | D:6      | Reached skill level 6 in Unarmed Combat
  4409 | D:6      | Reached XP level 8. HP: 78/79 MP: 7/7
  4440 | D:6      | Reached skill level 5 in Fighting
  4580 | D:7      | Found a runed translucent gate.
  4580 | D:7      | Found a runed translucent gate.
  4580 | D:7      | Found a runed translucent gate.
  4599 | D:7      | HP: 2/78 [something (3)]
  4600 | D:7      | Slain by an orc wizard

Illustrated notes

Levels and vault maps discovered:
D:1:      lemuel_arrival_funnel, layout_basic,
          ebering_ecumenical_altar_petrified, minmay_misc_feat_pillars
D:2:      layout_loops_ring, minmay_surrounded
D:3:      layout_basic, fedhas_altar_1, serial_shops, nicolae_shop_stone,
          nicolae_shop_unique_rings
D:4:      layout_cave_pools, dancing_weapons_uskayaw, serial_forest,
          infiniplex_forest_clump_C, infiniplex_forest_lined_room_,
          infiniplex_forest_clump_curved, infiniplex_forest_clump_double,
          infiniplex_forest_clump_medium
D:5:      layout_loops_cross, lemuel_tele_altar
D:6:      layout_cave_pools, mainiacjoe_overflow_alcove_1, temple_doors_e
D:7:      layout_basic, nicolae_overflow_squiral, gammafunk_ghost_split,
          chequers_serial_rivers_marsh, kennysheep_minor_cross, abandoned_shop,
          minivault_10, minmay_door_square

Skill      XL: |  1  2  3  4  5  6  7  8 |
---------------+-------------------------+-----
Fighting       | 3 4 5 |  5.1
Dodging        | 3 |  3.0
Unarmed Combat | 4 5 6 |  6.2
Throwing       | 1 2 3 |  3.8
Shields        | 1 2 |  2.9

Action                   |  1- 3 |  4- 6 |  7- 9 || total
-------------------------+-------+-------+-------++-------
Melee: Unarmed           |    66 |   211 |    87 ||   364
       Punch             |     1 |     2 |       ||     3
Invok: Berserk           |     1 |       |     1 ||     2
Armor: Animal skin       |    42 |    52 |    35 ||   129
Dodge: Dodged            |    44 |   103 |    44 ||   191
Block: Kite shield       |       |     3 |    41 ||    44

Table legend: (Time is in decaauts)
 A = Elapsed time spent in this place.
 B = Non-inter-level travel time spent in this place.
 C = Inter-level travel time spent in this place.
 D = Time resting spent in this place.
 E = Time spent auto-exploring this place.
 F = Levels seen in this place.
 G = Mean time per level.
                   A        B        C        D        E       F      G
               +--------+--------+--------+--------+--------+-----+--------+
         Total |   4602 |   4453 |    149 |    677 |   3067 |   7 |  657.4 |
       Dungeon |   4602 |   4453 |    149 |    677 |   3067 |   7 |  657.4 |
               +--------+--------+--------+--------+--------+-----+--------+

Top non-repeatable levels by time:
     D:6: 938 daAuts
     D:1: 815 daAuts
     D:3: 766 daAuts
     D:5: 713 daAuts
     D:4: 683 daAuts
     D:2: 665 daAuts
     D:7: 20 daAuts
